 Dungeon Crawl Stone Soup version 0.17-a0-1572-g7a1422d (webtiles) character file.

2393 urechis the Basher (level 9, 0/90 HPs)
             Began as a Gargoyle Fighter on July 24, 2015.
             Was a Believer of Trog.
             Slain by a warg (9 damage)
             ... on level 8 of the Dungeon.
             The game lasted 00:17:28 (8179 turns).

urechis the Basher (Gargoyle Fighter)               Turns: 8179, Time: 00:17:29

Health: 0/90       AC: 16    Str: 35      XL:     9   Next: 46%
Magic:  0/9        EV:  7    Int:  9      God:    Trog [**....]
Gold:   600        SH: 10    Dex: 10 (12) Spells: 0 memorised, 8 levels left

rFire  . . .     SeeInvis .     a - +0 flail
rCold  . . .     Clarity  .     P - +0 scale mail
rNeg   + . .     SustAt   +     c - +0 shield
rPois  ∞         Gourm    .     l - +1 helmet
rElec  +         Spirit   +     s - +0 cloak
rCorr  .         Warding  .     (no gloves)
rMut   .         Stasis   .     n - +0 pair of boots
MR     .....                    Q - amulet of guardian spirit
Stlth  ..........               G - +5 ring of strength
                                t - ring "Soann" {SustAt Str+5}

@: berserking, very quick, not resistant to hostile enchantments, extremely
unstealthy
A: negative energy resistance 1, electricity resistance, unbreathing,
petrification resistance, rot immunity, AC +5
a: Burn Spellbooks, Berserk, Trog's Hand, Renounce Religion


You were on level 8 of the Dungeon.
You worshipped Trog.
Trog was pleased with you.
You were not hungry.

You visited 1 branch of the dungeon, and saw 8 of its levels.
You also visited: Ossuary.

You collected 600 gold pieces.

Inventory:

Hand weapons
 a - a +0 flail (weapon)
 b - a +0 blowgun
 I - a +0 morningstar
Missiles
 O - 2 poisoned needles
Armour
 c - a +0 shield (worn)
 l - a +1 helmet (worn)
 n - a +0 pair of boots (worn)
 s - a +0 cloak (worn)
 P - a +0 scale mail (worn)
Jewellery
 t - the ring "Soann" (left hand) {SustAt Str+5}
   (You found it on level 4 of the Dungeon)

   [ring of sustain attributes]

   It sustains your strength, intelligence and dexterity.
   It affects your strength (+5).
 G - a +5 ring of strength (right hand)
 Q - an amulet of guardian spirit (around neck)
Magical devices
 y - a wand of slowing (36)
 E - a wand of random effects (28)
 F - a wand of polymorph (10)
 L - a wand of fireball (8)
 N - a wand of flame (32)
 S - a wand of cold (6)
Scrolls
 f - 5 scrolls of identify {unknown}
 g - 2 scrolls of recharging {unknown}
 h - 4 scrolls of magic mapping {unknown}
 i - 4 scrolls of enchant armour {unknown}
 j - 3 scrolls of random uselessness {unknown}
 m - a scroll of blinking {unknown}
 o - 4 scrolls of immolation {unknown}
 q - 3 scrolls of remove curse {unknown}
 r - 3 scrolls of teleportation {unknown}
 x - 2 scrolls of fog {unknown}
 C - a scroll of fear {unknown}
 M - a scroll of enchant weapon {unknown}
 R - a scroll of noise {unknown}
Potions
 d - 4 potions of might
 k - a potion of lignification {unknown}
 p - a potion of brilliance {unknown}
 u - 2 potions of curing
 v - 2 potions of haste {unknown}
 w - 2 potions of flight {unknown}
 z - 3 potions of degeneration
 A - 2 potions of poison {unknown}
 B - 2 potions of berserk rage {unknown}
 D - a potion of invisibility {unknown}
 H - a potion of agility {unknown}
 J - a potion of heal wounds {unknown}
Comestibles
 e - 8 bread rations
 K - a meat ration


   Skills:
 + Level 9.0 Fighting
 * Level 10.0 Maces & Flails
 - Level 3.2 Armour
 - Level 3.2 Shields


You had 8 spell levels left.
You didn't know any spells.

Dungeon Overview and Level Annotations

Branches:
Dungeon (8/15)             Temple (0/1) D:7            Lair (0/8) D:8

Altars:
Ashenzari
Makhleb
Nemelex Xobeh
Okawaru
Qazlal
Trog
Xom
The Shining One

Shops:
D:8 (


Innate Abilities, Weirdness & Mutations

You are resistant to torment.
Your stone body is resilient (AC +5).
You are immune to poison.
You resist negative energy.
You are resistant to electric shocks.
You can survive without breathing.
You are immune to petrification.
You are immune to rotting.


Message History

You block the warg's attack.
Drink which item? (? for menu, Esc to quit)
You feel better. You block the warg's attack.
The orc wizard hits you but does no damage.
The warg bites you but does no damage. You block the warg's attack.
You block the warg's attack. Something hits you but does no damage.
The orc wizard looks braver for a moment.
Use which ability? (? or * to list)
A red film seems to cover your vision as you go berserk!
You feel yourself moving faster!
You feel mighty!
You feel somewhat more hungry. You block the warg's attack.
The warg bites you but does no damage. The warg bites you!
* * * LOW HITPOINT WARNING * * *
The orc wizard hits you but does no damage.
Something hits you but does no damage. The warg barely misses you.
You sock the warg!
The warg is heavily wounded.
The warg closely misses you. You block the orc wizard's attack.
The warg bites you!
You die...

## ### ... ..# ...## #.#
.....##.# .....{#h#
....ooh@#########
>....ooh{.......#
.....KKK........########
......#.........#......#
.....##.................
...## #..######.........
.#. ...#### #......... #
..## #. #......... #.
#.. #.........


You could see 3 wargs, a big kobold, an orc priest, an orc wizard, 2 orcs and 2
kobolds.

Vanquished Creatures
  Grinder (D:5)
  2 orc warriors
  A sky beast (D:7)
  An ice beast (D:5)
  2 ogres
  A phantom (D:8)
  A centaur (D:5)
  2 big kobolds
  A giant frog (D:6)
  A scorpion (D:4)
  3 wights (D:6)
  2 crimson imps (D:7)
  A giant frog skeleton (D:5)
  Crazy Yiuf (D:3)
  2 iguanas
  4 orc priests
  2 hounds
  6 orc wizards
  7 worker ants
  A hound skeleton (D:6)
  8 mummies (Ossuary)
  Robin (D:2)
  8 adders
  3 shadow imps
  3 oozes
  An adder skeleton (D:4)
  3 worms
  9 giant geckos
  20 orcs
  3 bat skeletons
  A bat zombie (D:6)
  7 giant cockroaches
  A gnoll zombie (Ossuary)
  17 hobgoblins
  2 jackals (D:6)
  5 quokkas
  A ball python (D:6)
  10 bats
  A giant gecko skeleton (D:6)
  A giant gecko zombie (D:5)
  5 giant newts
  18 goblins
  2 hobgoblin zombies (Ossuary)
  19 kobolds
  2 kobold zombies (Ossuary)
  3 orc zombies (Ossuary)
  A quokka skeleton (D:7)
  31 rats
  A fungus (D:3)
229 creatures vanquished.

Notes
Turn   | Place    | Note
--------------------------------------------------------------
     0 | D:1      | urechis the Gargoyle Fighter began the quest for the Orb.
     0 | D:1      | Reached XP level 1. HP: 14/14 MP: 1/1
   207 | D:1      | Reached XP level 2. HP: 12/19 MP: 2/2
   407 | D:1      | Reached XP level 3. HP: 22/24 MP: 3/3
   688 | D:2      | Noticed Robin
   714 | D:2      | Killed Robin
   714 | D:2      | Reached skill level 4 in Fighting
   817 | D:2      | Found a faded altar to an unknown god.
   827 | D:2      | Reached XP level 4. HP: 24/29 MP: 4/4
  1990 | D:3      | Noticed Crazy Yiuf
  1998 | D:3      | Killed Crazy Yiuf
  1998 | D:3      | Reached XP level 5. HP: 32/34 MP: 5/5
  2086 | D:4      | Found a glowing drain.
  2155 | D:4      | Got a sparkling lapis lazuli ring
  2156 | D:4      | Identified the ring "Soann" {SustAt Str+5} (You found it on level 4 of the Dungeon)
  2216 | D:4      | Found a shimmering altar of Xom.
  2313 | D:4      | Reached skill level 5 in Fighting
  2487 | D:4      | Found a sand-covered staircase.
  2502 | Ossuary  | Entered an ossuary
  2726 | Ossuary  | Reached XP level 6. HP: 30/40 MP: 6/6
  3340 | D:4      | Reached skill level 5 in Maces & Flails
  3513 | D:4      | Reached skill level 6 in Fighting
  3653 | D:4      | Found a shattered altar of Ashenzari.
  3654 | D:4      | Found a glowing golden altar of the Shining One.
  3756 | D:5      | Entered Level 5 of the Dungeon
  3908 | D:5      | Found a bloodstained altar of Trog.
  3913 | D:5      | Became a worshipper of Trog the Wrathful
  3933 | D:5      | Reached XP level 7. HP: 46/46 MP: 7/7
  4226 | D:5      | Noticed Grinder
  4243 | D:5      | Paralysed by Grinder for 2 turns
  4250 | D:5      | Paralysed by Grinder for 7 turns
  4268 | D:5      | Killed Grinder
  4274 | D:5      | Reached skill level 7 in Fighting
  4274 | D:5      | Reached XP level 8. HP: 25/53 MP: 8/8
  4953 | D:5      | Acquired Trog's first power
  5256 | D:6      | Found a burning altar of Makhleb.
  5325 | D:6      | Reached skill level 8 in Maces & Flails
  6770 | D:6      | Found a sparkling altar of Nemelex Xobeh.
  6770 | D:6      | Found a stormy altar of Qazlal.
  7084 | D:6      | Reached skill level 9 in Maces & Flails
  7084 | D:6      | Reached XP level 9. HP: 39/60 MP: 9/9
  7417 | D:7      | Acquired Trog's second power
  7432 | D:7      | Found an iron altar of Okawaru.
  7602 | D:7      | Found a staircase to the Ecumenical Temple.
  7640 | D:7      | Found a bloodstained altar of Trog.
  7980 | D:8      | Found Ynlas's Weapon Shop.
  8123 | D:8      | Reached skill level 10 in Maces & Flails
  8164 | D:8      | Found a staircase to the Lair.
  8176 | D:8      | HP: 3/60 [something (2)]
  8179 | D:8      | Slain by a warg

Vault maps used:
D:1:      dpeg_arrival_connections
D:2:      ecumenical_altar_2, uniq_robin
D:3:      serial_bayou_pond_e, uniq_crazy_yiuf_cottage
D:4:      old_standard_altar, gammafunk_temple_overflow_statue,
          nicolae_ossuary_entry_ruins, gup_sewer_entry_pipe, minmay_rat_hole
D:5:      lemuel_doored_altar, first_bread, uniq_grinder
D:6:      kennysheep_mini, gammafunk_temple_overflow_elements,
          hangedman_decor_clover_reticule
D:7:      lemuel_round_altar, temple_fountains, trog_three_pillars_becter
D:8:      erik_lair_orcish_takeover, serial_shops, shop,
          hangedman_pestilent_swarm, nicolae_zen_rock_garden
Ossuary:  ossuary_tomb_3

Action                   |  1- 3 |  4- 6 |  7- 9 || total
-------------------------+-------+-------+-------++-------
Melee: Flail             |   117 |   314 |   411 ||   842
Invok: Berserk           |       |       |     1 ||     1
  Use: Potion            |       |       |     5 ||     5
  Eat: Chunk             |       |     7 |    13 ||    20
       Beef jerky        |       |     2 |       ||     2
       Meat ration       |       |       |     1 ||     1
